 Dungeon Crawl Stone Soup version 0.28-a0-984-g3775c662fe (webtiles) character file.

Game seed: 3885524920054946230

1435 meatgazer the Schismatic (level 8, -1/65 HPs)
             Began as a Demonspawn Abyssal Knight on Dec 3, 2021.
             Was an Elder of Lugonu.
             Slain by a gnoll sergeant (9 damage)
             ... on level 6 of the Dungeon.
             The game lasted 00:12:23 (6184 turns).

meatgazer the Schismatic (DsAK)                     Turns: 6184, Time: 00:12:23

Health: -1/65      AC:  3    Str: 16    XL:     8   Next: 45%
Magic:  13/13      EV: 11    Int: 12    God:    Lugonu [****..]
Gold:   271        SH:  0    Dex: 13    Spells: 7/7 levels left

rFire   . . .      SeeInvis .   c - +5 trident of No Interval {flame, rPois rC- rCorr Stlth+}
rCold   x . .      Faith    .   (no shield)
rNeg    . . .      Spirit   .   b - +0 leather armour
rPois   +          Reflect  .   (no helmet)
rElec   .          Harm     .   (no cloak)
rCorr   +          Rampage  .   (no gloves)
Will    .....                   (no boots)
Stlth   ++........              h - amulet of regeneration
HPRegen 1.00/turn               (no ring)
MPRegen 0.13/turn               (no ring)

@: no status effects
A: sturdy frame 1, weakness stinger 2, MP-powered wands
a: Renounce Religion, Depart the Abyss, Bend Space, Banish, Corrupt


You were on level 6 of the Dungeon.
You worshipped Lugonu.
Lugonu was greatly pleased with you.
You visited 1 branch of the dungeon, and saw 6 of its levels.
You visited the Abyss 1 time.
You also visited: Sewer and Ossuary.

You collected 271 gold pieces.

Inventory:

Hand Weapons
 a - a +1 falchion
 c - the +5 trident of No Interval (weapon) {flame, rPois rC- rCorr Stlth+}
   (You found it on level 2 of the Abyss)

   It burns those it strikes, dealing additional fire damage.
   rC:        It makes you vulnerable to cold.
   rPois:     It protects you from poison.
   rCorr:     It protects you from acid and corrosion.
   Stlth:     It makes you more stealthy.
Armour
 b - a +0 leather armour (worn)
 g - a +0 buckler
Jewellery
 h - an amulet of regeneration (around neck)
Wands
 d - a wand of polymorph (7)
 f - a wand of flame (4)
Scrolls
 i - 2 scrolls of teleportation
 j - 2 scrolls of blinking
 k - 2 scrolls of identify
 r - 3 scrolls of immolation
 t - 4 scrolls of brand weapon
 v - a scroll of enchant armour
Potions
 e - 3 potions of attraction
 l - a potion of resistance
 m - 2 potions of flight
 n - 2 potions of curing
 p - 2 potions of invisibility


   Skills:
 * Level 6.3 Fighting
 - Level 1.7 Long Blades
 * Level 4.8 Polearms
 - Level 1.7 Armour
 - Level 0.9 Dodging
 + Level 3.4 Shields
 * Level 7.6 Invocations


You had 7 spell levels left.
You didn't know any spells.
Your spell library contained the following spells:

 Spells                   Type           Power      Damage    Failure   Level
 Conjure Ball Lightning   Conj/Air       0%         3x3d6     100%        6
 Chain Lightning          Conj/Air       0%         N/A       100%        9


Dungeon Overview and Level Annotations

Branches:
Dungeon (6/15)             Temple (0/1) D:4           Sewer (visited)
Ossuary (visited)

Altars:

Annotations:
D:3 3 runed translucent doors, sirJeffrey23's ghost, amateur SpBr; siradein's ghost, amateur DsFi


Innate Abilities, Weirdness & Mutations

Your movements are slightly less encumbered by armour. (ER -2)
You have a tail ending in a sharp stinger.
You expend magic power (3 MP) to strengthen your wands.


Message History

The gnoll sergeant hits you from afar with a +0 spear.
You puncture the gnoll! You burn the gnoll.
You kill the gnoll!
Lugonu accepts your kill.
The gnoll sergeant hits you but does no damage.
You hit the gnoll. You burn the gnoll.
The gnoll is severely wounded.
The gnoll sergeant hits you from afar with a +0 spear.
The gnoll barely misses you.
You puncture the gnoll! You burn the gnoll.
You kill the gnoll!
Lugonu accepts your kill.
The gnoll sergeant hits you from afar with a +0 spear!
You are too injured to fight recklessly!
You are too injured to fight recklessly!
You are too injured to fight recklessly!
You are too injured to fight recklessly!
You are too injured to fight recklessly!
You are too injured to fight recklessly!
You are too injured to fight recklessly!
You are too injured to fight recklessly!
You are too injured to fight recklessly!
You are too injured to fight recklessly!
Reach: c) +5 trident of No Interval {flame, rPois rC- rCorr Stlth+}
Press: ? - help, Dir - move target, f/p - gnoll sergeant
Aim: a gnoll sergeant, wielding a +0 spear and wearing a +0 scale mail (moderately wounded, about 27% to evade the +5 trident of No Interval)
You reach to attack!
You hit the gnoll sergeant. You burn the gnoll sergeant.
The gnoll sergeant is heavily wounded.
The gnoll sergeant hits you from afar with a +0 spear!
* * * LOW HITPOINT WARNING * * *
Okay, then.
Reach: c) +5 trident of No Interval {flame, rPois rC- rCorr Stlth+}
Press: ? - help, Dir - move target, f/p - gnoll sergeant
Aim: a gnoll sergeant, wielding a +0 spear and wearing a +0 scale mail (heavily wounded, about 27% to evade the +5 trident of No Interval)
You reach to attack!
You hit the gnoll sergeant. You burn the gnoll sergeant.
The gnoll sergeant is severely wounded.
The gnoll sergeant hits you from afar with a +0 spear!
* * * LOW HITPOINT WARNING * * *
The gnoll sergeant hits you from afar with a +0 spear!
You die...

.........##
.........#
.........#
.........#
...<....## ..
##...#### ...
##### #..# ###g.#
##### ###@).# #
##...## ###..)###
####.....###...###
).#...........##
............###
#..........##
#..#.......##
#...........#
##..........#


You could see a gnoll sergeant.

Vanquished Creatures
  A wyvern (D:5)
  2 ogres
  A bullfrog (Sewer)
  2 scorpions
  5 wights (D:5)
  2 centaur zombies (Ossuary)
  A hound (D:5)
  A human zombie (Ossuary)
  An orc priest (D:6)
  An iguana (D:4)
  2 centaur skeletons
  2 orc wizards
  A scorpion zombie (D:5)
  A hound skeleton (D:4)
  3 mummies (Ossuary)
  10 gnolls
  2 river rats (D:3)
  2 adders
  A worm (D:2)
  4 dart slugs
  17 orcs
  17 endoplasms
  15 giant cockroaches
  11 goblins
  9 hobgoblins
  15 quokkas
  19 ball pythons
  6 bats
  14 frilled lizards
  A gnoll zombie (Ossuary)
  2 kobolds (D:3)
  2 kobold zombies (Ossuary)
  A quokka skeleton (D:4)
  3 rats
177 creatures vanquished.

Vanquished Creatures (collateral kills)
  A centaur zombie (Ossuary)
  A mummy (Ossuary)
  A hobgoblin zombie (Ossuary)
3 creatures vanquished.

Vanquished Creatures (others)
  6 withered plants (D:3)
6 creatures vanquished.

Grand Total: 186 creatures vanquished

Notes
Turn   | Place    | Note
-------+----------+-------------------------------------------
     0 | Abyss:1  | meatgazer the Demonspawn Abyssal Knight began the quest for
                  | the Orb.
     0 | Abyss:1  | Reached XP level 1. HP: 18/18 MP: 2/2
    12 | Abyss:2  | Identified the +5 trident of No Interval {flame, rPois rC-
                  | rCorr Stlth+}
    52 | D:1      | Escaped the Abyss
   102 | D:1      | Found a faded altar of an unknown god.
   249 | D:1      | Reached * piety under Lugonu
   280 | D:1      | Gained mutation: You have a small tail. [demonic ancestry]
   280 | D:1      | Reached XP level 2. HP: 24/24 MP: 4/4
  1066 | D:2      | Reached skill level 3 in Invocations
  1127 | D:2      | Reached skill level 1 in Polearms
  1127 | D:2      | Reached XP level 3. HP: 29/29 MP: 5/5
  1681 | D:3      | Reached skill level 1 in Shields
  1681 | D:3      | Reached XP level 4. HP: 28/36 MP: 6/6
  1794 | D:3      | Found a glowing drain.
  1805 | Sewer    | Entered a sewer
  2128 | Sewer    | Reached ** piety under Lugonu
  2177 | Sewer    | Reached skill level 4 in Invocations
  2337 | Sewer    | Gained mutation: Your movements are slightly less
                  | encumbered by armour. (ER -2) [demonic ancestry]
  2337 | Sewer    | Reached XP level 5. HP: 42/42 MP: 8/8
  2364 | Sewer    | Reached *** piety under Lugonu
  2893 | D:3      | Found a runed translucent gate.
  2893 | D:3      | Found a runed translucent gate.
  2893 | D:3      | Found a runed translucent gate.
  2895 | D:3      | Noticed sirJeffrey23's ghost (amateur SpBr)
  2895 | D:3      | Noticed siradein's ghost (amateur DsFi)
  3681 | D:4      | Gained mutation: You have a tail ending in a sharp stinger.
                  | [demonic ancestry]
  3681 | D:4      | Reached XP level 6. HP: 48/49 MP: 9/9
  3757 | D:4      | Found a staircase to the Ecumenical Temple.
  3770 | D:4      | Reached skill level 5 in Invocations
  4245 | D:4      | Reached **** piety under Lugonu
  4265 | D:4      | Reached skill level 5 in Fighting
  4274 | D:4      | Reached XP level 7. HP: 49/56 MP: 11/11
  4601 | D:5      | Entered Level 5 of the Dungeon
  4686 | D:5      | Reached skill level 6 in Invocations
  5176 | D:5      | Found a sand-covered staircase.
  5183 | Ossuary  | Entered an ossuary
  5502 | Ossuary  | Reached XP level 8. HP: 62/64 MP: 13/13
  5558 | Ossuary  | Gained mutation: You are dopey. (Int -2) [potion of
                  | mutation]
  5558 | Ossuary  | Gained mutation: You have large cloven feet. [potion of
                  | mutation]
  5559 | Ossuary  | Lost mutation: You have large cloven feet. [potion of
                  | mutation]
  5559 | Ossuary  | Gained mutation: Your magical capacity is low. (-10% MP)
                  | [potion of mutation]
  5667 | D:5      | Reached skill level 7 in Invocations
  5872 | D:5      | Got the Almanac of the Birds
  6094 | D:6      | Lost mutation: Your magical capacity is low. (-10% MP)
                  | [potion of mutation]
  6094 | D:6      | Lost mutation: You are dopey. (Int -2) [potion of mutation]
  6094 | D:6      | Gained mutation: You expend magic power (3 MP) to
                  | strengthen your wands. [potion of mutation]
  6184 | D:6      | Slain by a gnoll sergeant

Illustrated notes

Levels and vault maps discovered:
D:1:      dpeg_arrival_rooms_b, layout_basic, ebering_ecumenical_altar_ruins
D:2:      layout_loops_ring, supply_closet_lemuel, grunt_ministairs_2
D:3:      cheibrodos_greedy_goblins, layout_basic, portal_sewer_entry_b,
          gammafunk_ghost_cemetery
D:4:      layout_loops_ring, temple_fountains
D:5:      layout_basic, lightli_ossuary_entry_decrepit_ruins, dk_noncrumbling_3,
          grunt_tough_drop
D:6:      layout_cave_pods

Skill      XL: |  1  2  3  4  5  6  7  8 |
---------------+-------------------------+-----
Invocations    | 3 4 5 6 7 |  7.6
Polearms       | 1 2 3 4 |  4.8
Shields        | 1 2 3 |  3.4
Fighting       | 4 5 6 |  6.3
Long Blades    | |  1.7
Armour         | |  1.7
Dodging        | |  0.9

Action                   |  1- 3 |  4- 6 |  7- 9 || total
-------------------------+-------+-------+-------++-------
Melee: Trident           |    64 |   273 |   129 ||   466
       Tailslap          |     5 |    19 |    13 ||    37
Invok: Depart the Abyss  |     1 |       |       ||     1
  Use: Scroll            |     6 |     2 |     8 ||    16
       Potion            |       |       |    11 ||    11
 Stab: Sleeping          |    10 |     8 |     5 ||    23
Armor: Leather armour    |    23 |    73 |    16 ||   112
Dodge: Dodged            |    21 |   186 |    62 ||   269

Table legend: (Time is in decaauts)
 A = Elapsed time spent in this place.
 B = Non-inter-level travel time spent in this place.
 C = Inter-level travel time spent in this place.
 D = Time resting spent in this place.
 E = Time spent auto-exploring this place.
 F = Levels seen in this place.
 G = Mean time per level.
                   A        B        C        D        E       F      G
               +--------+--------+--------+--------+--------+-----+--------+
         Total |   6313 |   6161 |    152 |   1049 |   3774 |  11 |  573.9 |
       Dungeon |   4945 |   4793 |    152 |    422 |   3641 |   6 |  824.2 |
         Abyss |     51 |     51 |      0 |      0 |     10 |   3 |   17.0 |
         Sewer |    935 |    935 |      0 |    450 |     93 |   1 |  935.0 |
       Ossuary |    381 |    381 |      0 |    177 |     29 |   1 |  381.0 |
               +--------+--------+--------+--------+--------+-----+--------+

Top non-repeatable levels by time:
     D:3: 1231 daAuts
     D:5: 1036 daAuts
     D:4: 974 daAuts
   Sewer: 935 daAuts
     D:1: 814 daAuts
     D:2: 720 daAuts
 Ossuary: 381 daAuts
     D:6: 166 daAuts
 Abyss:2: 32 daAuts
 Abyss:3: 13 daAuts
 Abyss:1: 5 daAuts
